AoeStats
← [Massa] Edo

Arena

510446214Analyzed
2v2 RM · 20h ago on Oct 1, 2026· 49m 10s· 4 players
Game mode
Random Map
Map size
Medium (4 player)
Population
200
Speed
Normal
Resources
Standard
Victory
Conquest
Starting age
Dark Age
Ending age
Imperial Age
RankedLock teamsTeams togetherTeam positionsShared explorationLock speedFull tech treeHidden civsTurbo modeCheats
Victory
Defeat
🇧🇷 Tatars · Brazil
1383
+17
🇧🇷 Vikings · Brazil
1377
+17
🇦🇷 Varangians · Argentina
1580
-23
🇦🇷 Bohemians · Argentina
1239
-11
[Massa] Edo
8:51 Feudal Age
8:36 Loom
9:10 Man-at-Arms
10:02 Double-Bit Axe
10:57 Arson
13:46 Fletching
15:37 Horse Collar
22:34 Castle Age
21:05 Gold Mining
28:05 Fervor
35:17 Imperial Age
33:04 Bodkin Arrow
34:03 Ballistics
33:44 Padded Archer Armor
36:16 Bracer
35:39 Crossbowman
36:59 Conscription
38:34 Chemistry
37:33 Arbalester
39:23 Leather Archer Armor
42:11 Ring Archer Armor
41:53 Bow Saw
45:16 Two-Man Saw
44:18 Heavy Plow
46:02 Gold Shaft Mining
46:40 Murder Holes
47:23 Scale Mail Armor
48:20 Chain Mail Armor
tg
10:27 Feudal Age
14:48 Castle Age
13:07 Horse Collar
13:12 Double-Bit Axe
16:56 Bow Saw
22:09 Wheelbarrow
22:29 Heavy Plow
25:06 Hand Cart
28:12 Imperial Age
25:47 Gold Mining
26:40 Fletching
26:45 Loom
26:45 Town Watch
27:24 Ballistics
27:21 Bloodlines
27:12 Husbandry
27:26 Bodkin Arrow
27:31 Padded Archer Armor
29:02 Leather Archer Armor
28:35 Heavy Cavalry Archer
30:12 Gold Shaft Mining
29:59 Stone Mining
30:12 Bracer
31:05 Ring Archer Armor
29:57 Light Cavalry
31:34 Crop Rotation
32:42 Chemistry
33:31 Scale Barding Armor
32:52 Hussar
34:30 Capped Ram
35:51 Chain Barding Armor
35:29 Siege Ram
38:20 Forging
43:22 Plate Barding Armor
43:25 Coinage
44:03 Iron Casting
45:46 Conscription
46:06 Onager
48:53 Treadmill Crane
49:19 Siege Engineers
49:24 Masonry
50:28 Blast Furnace
49:31 Silk Armor
50:10 Banking
Molle
10:16 Feudal Age
11:14 Loom
11:54 Double-Bit Axe
17:52 Castle Age
15:56 Horse Collar
18:55 Bow Saw
20:22 Scale Barding Armor
26:23 Forging
27:17 Wheelbarrow
31:24 Imperial Age
30:43 Iron Casting
30:30 Heavy Plow
30:28 Gold Mining
30:29 Stone Mining
31:37 Chain Barding Armor
31:51 Stone Mining
32:39 Bloodlines
34:49 Plate Barding Armor
35:04 Conscription
36:38 Blast Furnace
36:11 Elite Jarl
38:24 Hand Cart
37:55 Town Watch
38:13 Light Cavalry
39:10 Husbandry
39:09 Cavalier
40:28 Vendel Legacy
43:35 Capped Ram
45:46 Stone Shaft Mining
44:51 Siege Ram
46:45 Two-Man Saw
Popeye
11:24 Feudal Age
12:21 Double-Bit Axe
12:23 Horse Collar
14:57 Castle Age
14:33 Loom
16:15 Bow Saw
16:09 Heavy Plow
17:40 Fervor
21:07 Town Watch
27:00 Imperial Age
25:05 Sanctity
26:09 Chemistry
25:40 Padded Archer Armor
27:20 Leather Archer Armor
30:13 Wheelbarrow
30:23 Town Patrol
30:49 Pikeman
31:30 Squires
34:04 Fletching
33:54 Elite Skirmisher
35:03 Hand Cart
34:59 Wagenburg Tactics
36:11 Bodkin Arrow
38:56 Halberdier
41:25 Scale Mail Armor
41:36 Forging
42:46 Chain Mail Armor
43:56 Iron Casting
45:31 Ring Archer Armor
46:31 Blast Furnace
Connection lost

Rejoining the realm…

Still unreachable

The connection could not be restored.

Session expired

The server has moved on; the page needs a fresh start.